AAA
FLAGSTAFF FLYERS @ VANCOUVER THUNDERBIRDS
06/01/2060
 
TOP OF THE 1ST
Flagstaff Flyers batting - Pitching for Vancouver Thunderbirds : RHP Charlie Reilly
Pitching: RHP Charlie Reilly
Batting: SHB Josiah Swallow 0-0: Ball
1-0: Foul Ball, location: 2F
1-1: Fly out, F9 (Line Drive, 89M, EV 88.8 MPH)
Batting: LHB Jayden Sigmon 0-0: Ball
1-0: Ball
2-0: SINGLE (Groundball, 25, EV 67.5 MPH) (infield hit)
Batting: RHB Scott McDonald 0-0: Ball
Jayden Sigmon is caught stealing 2nd base 2-4
1-0: Called Strike
1-1: Called Strike
1-2: Ball
2-2: Strikes out swinging
Top of the 1st over - 0 runs, 1 hit, 0 errors, 0 left on base; Flagstaff 0 - Vancouver 0
BOTTOM OF THE 1ST
Vancouver Thunderbirds batting - Pitching for Flagstaff Flyers : LHP Andy Colbert
Pitching: LHP Andy Colbert
Batting: RHB Jovan Elerson 0-0: Ground out 6-3 (Groundball, 6, EV 86.9 MPH)
Batting: RHB Allen Zuber 0-0: Ball
1-0: Foul Ball, location: 2F
1-1: Called Strike
1-2: Strikes out looking
Batting: RHB Isaac Merolla 0-0: Ball
1-0: Foul Ball, location: 2F
1-1: Ball
2-1: DOUBLE (Flyball, 8RXD, EV 97.5 MPH)
Batting: RHB Riley Sistrunk 0-0: Foul Ball, location: 2F
0-1: Called Strike
0-2: Foul Ball, location: 2F
0-2: Ball
1-2: SINGLE (Flyball, 9LS, EV 92.5 MPH)
Isaac Merolla to third
Batting: RHB Kamryn Mazzocchi 0-0: Fly out, F8 (Flyball, 8RD, EV 100.6 MPH)
Bottom of the 1st over - 0 runs, 2 hits, 0 errors, 2 left on base; Flagstaff 0 - Vancouver 0
TOP OF THE 2ND
Flagstaff Flyers batting - Pitching for Vancouver Thunderbirds : RHP Charlie Reilly
Batting: LHB Shawn Tuttle 0-0: Called Strike
0-1: Foul Ball, location: 2F
0-2: Ball
1-2: Ball
2-2: Strikes out swinging
Batting: RHB Cliff Passarelli 0-0: Ball
1-0: Called Strike
1-1: SINGLE (Groundball, 6MD, EV 106.9 MPH)
Batting: SHB Maliik Pettiford 0-0: Ball
1-0: Called Strike
1-1: Called Strike
1-2: Foul Ball, location: 2F
1-2: Ball
2-2: Ball
3-2: Strikes out looking
Batting: RHB Oscar McKinney 0-0: Called Strike
0-1: Ball
Passed Ball!
Cliff Passarelli to second
1-1: Fly out, F7 (Flyball, 7, EV 91.2 MPH)
Top of the 2nd over - 0 runs, 1 hit, 0 errors, 1 left on base; Flagstaff 0 - Vancouver 0
BOTTOM OF THE 2ND
Vancouver Thunderbirds batting - Pitching for Flagstaff Flyers : LHP Andy Colbert
Batting: RHB Wes Chavis 0-0: Called Strike
0-1: Ball
1-1: Foul Ball, location: 2F
1-2: Strikes out looking
Batting: RHB Jacolby Waleenstedt 0-0: Foul Ball, location: 2F
0-1: SINGLE (Groundball, 56D, EV 96.9 MPH)
Batting: LHB Drake Busler 0-0: Ball
1-0: Foul Ball, location: 2F
1-1: Foul Ball, location: 2F
1-2: Strikes out swinging
Batting: RHB Karviar Smallwood 0-0: Called Strike
0-1: Ball
Wild Pitch!
Jacolby Waleenstedt to second
1-1: Foul Ball, location: 2F
1-2: Fly out, F3 (Popup, 23F, EV 84.4 MPH)
Bottom of the 2nd over - 0 runs, 1 hit, 0 errors, 1 left on base; Flagstaff 0 - Vancouver 0
TOP OF THE 3RD
Flagstaff Flyers batting - Pitching for Vancouver Thunderbirds : RHP Charlie Reilly
Batting: RHB Victor Cunningham 0-0: Swinging Strike
0-1: Fly out, F8 (Flyball, 8RD, EV 99.4 MPH)
Batting: RHB Cooper Shoulders 0-0: Called Strike
0-1: Foul Ball, location: 2F
0-2: Fly out, F9 (Flyball, 89S, EV 98.8 MPH)
Batting: SHB Josiah Swallow 0-0: Foul Ball, location: 2F
0-1: Foul Ball, location: 2F
0-2: Foul Ball, location: 2F
0-2: Foul Ball, location: 2F
0-2: Ball
1-2: Strikes out swinging
Top of the 3rd over - 0 runs, 0 hits, 0 errors, 0 left on base; Flagstaff 0 - Vancouver 0
BOTTOM OF THE 3RD
Vancouver Thunderbirds batting - Pitching for Flagstaff Flyers : LHP Andy Colbert
Batting: RHB Jovan Elerson 0-0: Called Strike
0-1: Foul Ball, location: 2F
0-2: Ball
1-2: Ball
2-2: Strikes out swinging
Batting: RHB Allen Zuber 0-0: Called Strike
0-1: Ball
1-1: Ball
2-1: Ball
3-1: Foul Ball, location: 2F
3-2: Fly out, F9 (Flyball, 89M, EV 94.4 MPH)
Batting: RHB Isaac Merolla 0-0: Fly out, F8 (Flyball, 8RXD, EV 91.2 MPH)
Bottom of the 3rd over - 0 runs, 0 hits, 0 errors, 0 left on base; Flagstaff 0 - Vancouver 0
TOP OF THE 4TH
Flagstaff Flyers batting - Pitching for Vancouver Thunderbirds : RHP Charlie Reilly
Batting: LHB Jayden Sigmon 0-0: Called Strike
0-1: Swinging Strike
0-2: Ball
1-2: SINGLE (Groundball, 6MD, EV 107.5 MPH)
Batting: RHB Scott McDonald 0-0: Ball
1-0: Called Strike
1-1: SINGLE (Groundball, 6MD, EV 96.2 MPH)
Jayden Sigmon to second
Batting: LHB Shawn Tuttle 0-0: Ball
1-0: Swinging Strike
1-1: Ball
2-1: Foul Ball, location: 2F
2-2: Ball
3-2: Foul Ball, location: 2F
3-2: Foul Ball, location: 2F
3-2: Foul Ball, location: 2F
3-2: Base on Balls
Jayden Sigmon to third
Scott McDonald to second
Batting: RHB Cliff Passarelli 0-0: Fly out, F6 (Popup, 6, EV 70.6 MPH)
Batting: SHB Maliik Pettiford 0-0: Ball
1-0: Foul Ball, location: 2F
1-1: Ball
2-1: Foul Ball, location: 2F
2-2: Foul Ball, location: 2F
2-2: Fly out, F8 (Flyball, 89M, EV 93.1 MPH)
Runner from 3rd tags up, OUT at HOME! 8-2
Top of the 4th over - 0 runs, 2 hits, 0 errors, 2 left on base; Flagstaff 0 - Vancouver 0
BOTTOM OF THE 4TH
Vancouver Thunderbirds batting - Pitching for Flagstaff Flyers : LHP Andy Colbert
Batting: RHB Riley Sistrunk 0-0: Ball
1-0: Foul Ball, location: 2F
1-1: Foul Ball, location: 2F
1-2: Ball
2-2: Fly out, F8 (Flyball, 8LD, EV 84.4 MPH)
Batting: RHB Kamryn Mazzocchi 0-0: Ball
1-0: Swinging Strike
1-1: Ball
2-1: Called Strike
2-2: Foul Ball, location: 2F
2-2: Foul Ball, location: 2F
2-2: Strikes out swinging
Batting: RHB Wes Chavis 0-0: Ground out 5-3 (Groundball, 56, EV 93.8 MPH)
Bottom of the 4th over - 0 runs, 0 hits, 0 errors, 0 left on base; Flagstaff 0 - Vancouver 0
TOP OF THE 5TH
Flagstaff Flyers batting - Pitching for Vancouver Thunderbirds : RHP Charlie Reilly
Batting: RHB Oscar McKinney 0-0: Ball
1-0: Foul Ball, location: 2F
1-1: SINGLE (Groundball, 56D, EV 106.9 MPH)
Batting: RHB Victor Cunningham 0-0: Called Strike
0-1: Grounds into double play, 1-6-3 (Groundball, 13S, EV 70.0 MPH)
Batting: RHB Cooper Shoulders 0-0: Foul Ball, location: 2F
0-1: Called Strike
0-2: Ball
1-2: Foul Ball, location: 2F
1-2: Foul Ball, location: 2F
1-2: Foul Ball, location: 2F
1-2: Ball
2-2: SINGLE (Line Drive, 56D, EV 95.0 MPH)
Batting: SHB Josiah Swallow 0-0: Ball
Cooper Shoulders is caught stealing 2nd base 2-6
Top of the 5th over - 0 runs, 2 hits, 0 errors, 0 left on base; Flagstaff 0 - Vancouver 0
BOTTOM OF THE 5TH
Vancouver Thunderbirds batting - Pitching for Flagstaff Flyers : LHP Andy Colbert
Batting: RHB Jacolby Waleenstedt 0-0: Called Strike
0-1: Ball
1-1: SINGLE (Groundball, 4MD, EV 96.2 MPH)
Batting: LHB Drake Busler 0-0: Ball
1-0: Swinging Strike
1-1: Ball
2-1: Foul Ball, location: 2F
2-2: Ball
3-2: Base on Balls
Jacolby Waleenstedt to second
Batting: RHB Karviar Smallwood 0-0: Called Strike
0-1: Foul Ball, location: 2F
0-2: Ball
1-2: Ball
2-2: Fly out, F8 (Line Drive, 78D, EV 105.6 MPH)
Batting: RHB Jovan Elerson 0-0: Called Strike
0-1: Ball
1-1: Ball
2-1: Ball
3-1: Base on Balls
Jacolby Waleenstedt to third
Drake Busler to second
Batting: RHB Allen Zuber 0-0: Foul Ball, location: 2F
0-1: Hit by Pitch
Jacolby Waleenstedt scores
Drake Busler to third
Jovan Elerson to second
Batting: RHB Isaac Merolla 0-0: Ball
1-0: Ball
2-0: Ball
3-0: Base on Balls
Drake Busler scores
Jovan Elerson to third
Allen Zuber to second
Batting: RHB Riley Sistrunk 0-0: Ball
1-0: Swinging Strike
1-1: Ball
2-1: Ball
3-1: Called Strike
3-2: SINGLE (Groundball, 56D, EV 103.1 MPH)
Jovan Elerson scores
Allen Zuber to third
Isaac Merolla to second
Batting: RHB Kamryn Mazzocchi 0-0: Called Strike
0-1: Ball
1-1: Swinging Strike
1-2: Ball
2-2: Ball
3-2: Strikes out swinging
Pitching: LHP Jesse Easterling
Batting: RHB Wes Chavis 0-0: Foul Ball, location: 2F
0-1: Called Strike
0-2: Ball
1-2: Strikes out swinging
Bottom of the 5th over - 3 runs, 2 hits, 0 errors, 3 left on base; Flagstaff 0 - Vancouver 3
TOP OF THE 6TH
Flagstaff Flyers batting - Pitching for Vancouver Thunderbirds : RHP Charlie Reilly
Batting: SHB Josiah Swallow 0-0: Ball
1-0: Called Strike
1-1: Called Strike
1-2: Ball
2-2: Strikes out looking
Batting: LHB Jayden Sigmon 0-0: Ball
1-0: Ball
2-0: Ball
3-0: Called Strike
3-1: Foul Ball, location: 2F
3-2: Foul Ball, location: 2F
3-2: Ground out 5-3 (Groundball, 56S, EV 71.9 MPH)
Batting: RHB Scott McDonald 0-0: Foul Ball, location: 2F
0-1: Swinging Strike
0-2: Ball
1-2: Foul Ball, location: 2F
1-2: Foul Ball, location: 2F
1-2: Fly out, F8 (Flyball, 78XD, EV 93.8 MPH)
Top of the 6th over - 0 runs, 0 hits, 0 errors, 0 left on base; Flagstaff 0 - Vancouver 3
BOTTOM OF THE 6TH
Vancouver Thunderbirds batting - Pitching for Flagstaff Flyers : LHP Jesse Easterling
Batting: RHB Jacolby Waleenstedt 0-0: Ground out 4-3 (Groundball, 4S, EV 90.6 MPH)
Batting: LHB Drake Busler 0-0: Called Strike
0-1: Foul Ball, location: 2F
0-2: Strikes out swinging
Batting: RHB Karviar Smallwood 0-0: Ground out 6-3 (Groundball, 6S, EV 85.0 MPH)
Bottom of the 6th over - 0 runs, 0 hits, 0 errors, 0 left on base; Flagstaff 0 - Vancouver 3
TOP OF THE 7TH
Flagstaff Flyers batting - Pitching for Vancouver Thunderbirds : RHP Charlie Reilly
Batting: LHB Shawn Tuttle 0-0: Swinging Strike
0-1: Ball
1-1: Fly out, F7 (Flyball, 7LS, EV 90.0 MPH)
Batting: RHB Cliff Passarelli 0-0: Called Strike
0-1: Ball
1-1: Swinging Strike
1-2: Foul Ball, location: 2F
1-2: Strikes out swinging
Batting: SHB Maliik Pettiford 0-0: SINGLE (Groundball, 4MD, EV 110.0 MPH)
Batting: RHB Oscar McKinney 0-0: Called Strike
0-1: Ball
1-1: Ground out 4-3 (Groundball, 34S, EV 85.6 MPH)
Top of the 7th over - 0 runs, 1 hit, 0 errors, 1 left on base; Flagstaff 0 - Vancouver 3
BOTTOM OF THE 7TH
Vancouver Thunderbirds batting - Pitching for Flagstaff Flyers : LHP Jesse Easterling
Batting: RHB Jovan Elerson 0-0: Swinging Strike
0-1: Ball
1-1: Ball
2-1: SOLO HOME RUN (Flyball, 7D, EV 98.1 MPH), Distance : 373 ft
Batting: RHB Allen Zuber 0-0: Ball
1-0: Foul Ball, location: 2F
1-1: Swinging Strike
1-2: SINGLE (Line Drive, 56D, EV 95.6 MPH)
Batting: RHB Isaac Merolla 0-0: Called Strike
0-1: Ball
1-1: Foul Ball, location: 2F
1-2: SINGLE (Groundball, 4D, EV 95.0 MPH)
Allen Zuber to second
Throwing error, E8
Allen Zuber scores
Isaac Merolla to second
Batting: RHB Riley Sistrunk 0-0: Ball
Wild Pitch!
Isaac Merolla to third
1-0: Swinging Strike
1-1: Foul Ball, location: 2F
1-2: Ball
2-2: DOUBLE (Flyball, 89D, EV 95.0 MPH)
Isaac Merolla scores
Pitching: LHP Roberto Burris
Batting: RHB Kamryn Mazzocchi 0-0: Ground out 3-1 (Groundball, 34S, EV 85.0 MPH)
Riley Sistrunk to third
Batting: RHB Wes Chavis 0-0: Ball
1-0: Called Strike
1-1: Ball
2-1: Ball
3-1: Foul Ball, location: 2F
3-2: TRIPLE (Line Drive, 9D, EV 113.8 MPH)
Riley Sistrunk scores
Batting: RHB Jacolby Waleenstedt 0-0: Called Strike
0-1: Called Strike
0-2: Ball
1-2: Strikes out swinging, 2-3 out at first.
Batting: LHB Drake Busler 0-0: SINGLE (Groundball, 25, EV 75.0 MPH) (infield hit)
Wes Chavis scores
Batting: RHB Karviar Smallwood 0-0: Foul Ball, location: 2F
0-1: Foul Ball, location: 2F
0-2: Ball
1-2: Strikes out looking
Bottom of the 7th over - 5 runs, 6 hits, 1 error, 1 left on base; Flagstaff 0 - Vancouver 8
TOP OF THE 8TH
Flagstaff Flyers batting - Pitching for Vancouver Thunderbirds : RHP Charlie Reilly
Batting: RHB Victor Cunningham 0-0: Foul Ball, location: 2F
0-1: Swinging Strike
0-2: Strikes out swinging
Batting: RHB Cooper Shoulders 0-0: Ground out 5-3 (Groundball, 56S, EV 63.8 MPH)
Batting: SHB Josiah Swallow 0-0: Ball
1-0: Foul Ball, location: 2F
1-1: Ball
2-1: Ball
3-1: Base on Balls
Pitching: RHP Bobby Anderson
Batting: LHB Jayden Sigmon 0-0: Foul Ball, location: 2F
0-1: Ball
1-1: Foul Ball, location: 2F
1-2: Fly out, F7 (Line Drive, 78M, EV 95.0 MPH)
Top of the 8th over - 0 runs, 0 hits, 0 errors, 1 left on base; Flagstaff 0 - Vancouver 8
BOTTOM OF THE 8TH
Vancouver Thunderbirds batting - Pitching for Flagstaff Flyers : LHP Roberto Burris
Batting: RHB Jovan Elerson 0-0: Ball
1-0: Ball
2-0: Ball
3-0: Called Strike
3-1: Base on Balls
Batting: RHB Allen Zuber 0-0: Called Strike
0-1: Ball
1-1: Swinging Strike
1-2: Strikes out looking
Pitching: RHP Griffin Phillips
Batting: RHB Isaac Merolla 0-0: Called Strike
0-1: Foul Ball, location: 2F
0-2: Ball
1-2: Foul Ball, location: 2F
1-2: Foul Ball, location: 2F
1-2: Strikes out looking
Batting: RHB Riley Sistrunk 0-0: Called Strike
0-1: Swinging Strike
0-2: Strikes out looking
Bottom of the 8th over - 0 runs, 0 hits, 0 errors, 1 left on base; Flagstaff 0 - Vancouver 8
TOP OF THE 9TH
Flagstaff Flyers batting - Pitching for Vancouver Thunderbirds : RHP Bobby Anderson
Batting: RHB Scott McDonald 0-0: Called Strike
0-1: Foul Ball, location: 2F
0-2: Ball
1-2: Strikes out looking
Batting: LHB Shawn Tuttle 0-0: Ground out U3 (Groundball, 3, EV 101.9 MPH)
Batting: RHB Cliff Passarelli 0-0: Ball
1-0: Called Strike
1-1: Called Strike
1-2: Ball
2-2: Ball
3-2: Fly out, F8 (Line Drive, 8LD, EV 85.0 MPH)
Top of the 9th over - 0 runs, 0 hits, 0 errors, 0 left on base; Flagstaff 0 - Vancouver 8
Sunday, May 5th , 2024 - OOTP Baseball 23.10 Build 110